 Dungeon Crawl Stone Soup version 0.30-a0-691-g754fce4c43 (webtiles) character file.

Game seed: 9484539183052918412

84 garrulousMonolith the Shooter (level 4, -7/38 HPs)
             Began as a Minotaur Hunter on Jan 19, 2023.
             Killed by divine providence
             ... invoked by an orc priest
              (11 damage)
             ... on level 3 of the Dungeon.
             The game lasted 00:02:40 (1306 turns).

garrulousMonolith the Shooter (Minotaur Hunter)     Turns: 1306, Time: 00:02:40

Health: -7/38      AC: 11    Str: 14 (15) XL:     4   Next: 24%
Magic:  3/3        EV:  6    Int:  5 (6)  God:
Gold:   34         SH:  0    Dex: 13 (16) Spells: 3/3 levels left

rFire   . . .      SeeInvis .    b - +0 hand axe
rCold   . . .      Faith    .    (no shield)
rNeg    . . .      Spirit   .    o - +0 chain mail
rPois   .          Reflect  .    h - +1 hat {Will+}
rElec   .          Harm     .    (no cloak)
rCorr   .          Rampage  .    i - +1 pair of gloves
Will    +....                    (no boots) Stlth
                                 (no amulet)
HPRegen 0.26/turn                (no ring)
MPRegen 0.08/turn                (no ring)

@: about to teleport, flying
A: horns 2, retaliatory headbutt
a: no special abilities


You were on level 3 of the Dungeon.
You visited 1 branch of the dungeon, and saw 3 of its levels.

You collected 94 gold pieces.
You spent 60 gold pieces at shops.

Inventory:

Hand Weapons
 a - a +1 heavy sling
 b - a +0 hand axe (weapon)
 f - a +0 shortbow
Armour
 c - a +0 leather armour
 h - a +1 hat of willpower (worn)
 i - a +1 pair of gloves (worn)
 l - a +0 ring mail
 o - a +0 chain mail (worn)
Jewellery
 q - a ring of ice
 x - an amulet of faith
Wands
 s - a wand of digging (3)
Scrolls
 d - 2 scrolls of immolation
 j - a scroll of poison {unknown}
 k - a scroll of fog {unknown}
 m - 4 scrolls of identify
 n - a scroll of magic mapping {unknown}
 v - a scroll of vulnerability {unknown}
 w - a scroll of brand weapon {unknown}
Potions
 g - 2 potions of lignification


   Skills:
 + Level 3.4 Fighting
 + Level 4.9 Ranged Weapons
 + Level 3.1 Dodging
 + Level 1.9 Stealth


You had 3 spell levels left.
You didn't know any spells.
Your spell library contained the following spells:

 Spells                   Type           Power      Damage    Failure   Level
 Beastly Appendage        Tmut           0%         N/A       100%        1
 Sandblast                Erth           0%         2d4       100%        1
 Lesser Beckoning         Tloc           0%         N/A       100%        2
 Passwall                 Tmut/Erth      0%         N/A       100%        2
 Sublimation of Blood     Necr           0%         N/A       100%        2
 Wereblood                Tmut           0%         N/A       100%        2
 Gell's Gravitas          Tloc           0%         N/A       100%        3
 Spider Form              Tmut/Pois      0%         N/A       100%        3
 Stone Arrow              Conj/Erth      0%         3d7       100%        3
 Teleport Other           Tloc           0%         N/A       100%        3
 Petrify                  Tmut/Erth      0%         N/A       100%        4
 Irradiate                Conj/Tmut      0%         3d11      100%        5


Dungeon Overview and Level Annotations

Branches:
Dungeon (3/15)

Altars:

Shops:
D:2 (   D:3 ?

Annotations:
D:3 Ijyb


Innate Abilities, Weirdness & Mutations

You have a pair of horns on your head.
You reflexively headbutt those who attack you in melee.


Message History

Your +1 pair of gloves unmelds from your body.
Your +0 chain mail unmelds from your body.
You feel strong-willed.
The orc priest hits you but does no damage.
Ijyb zaps a wand.
You resist with almost no effort.
It was a potion of flight.
You feel very buoyant.
You fly up into the air.
Ijyb barely misses you. You furiously retaliate!
You headbutt Ijyb! The orc priest closely misses you.
It was a potion of degeneration.
There was something very wrong with that liquid.
You feel weakened.
You feel dopey.
You feel clumsy.
The orc priest hits you but does no damage.
Ijyb barely misses you.
It was a potion of curing.
You feel better.
The orc priest hits you from afar with a +0 trident.
Ijyb hits you but does no damage.
You closely miss Ijyb. You headbutt Ijyb, but do no damage.
Ijyb is heavily wounded.
Ijyb hits you but does no damage.
The orc priest mumbles some strange prayers to Beogh against you.
Beogh smites you!
* * * LOW HITPOINT WARNING * * *
You hit Ijyb but do no damage. You headbutt Ijyb.
Ijyb is severely wounded.
Ijyb hits you but does no damage.
The orc priest hits you but does no damage.
You hit Ijyb but do no damage.
Ijyb is severely wounded.
Ijyb hits you but does no damage.
The orc priest hits you from afar with a +0 trident.
* * * LOW HITPOINT WARNING * * *
The orc priest hits you from afar with a +0 trident.
* * * LOW HITPOINT WARNING * * *
Ijyb hits you but does no damage.
As you read the scroll of teleportation, it crumbles to dust.
You feel strangely unstable.
The orc priest calls down the wrath of Beogh upon you.
Beogh smites you!
You die...

#..# #.#.# #.
#..#####.#.######. .....
.##........#.#<.....
..o...##.##..#####.#.#......
..........................##
†.o^##.###........##.#..## .
...##.###........##......
#..##...............##.#...#
.....g...##@#..##+####.#....
#...##g#### ###....
##...o.[# #...... #
##..##.## ##.#... #.
##...#### ###.##
#..###......# ##.##
......#..#.+ +....
.......#.#### ##...
#..###...# ##....


You could see Ijyb and an orc priest.

Vanquished Creatures
  An orc wizard (D:3)
  3 adders (D:2)
  A worm (D:2)
  5 ball pythons
  5 bats
  A giant cockroach (D:2)
  2 goblins
  4 hobgoblins
  2 kobolds (D:2)
  A quokka (D:2)
  2 frilled lizards
  3 rats (D:2)
30 creatures vanquished.

Vanquished Creatures (others)
  6 plants (D:2)
6 creatures vanquished.

Grand Total: 36 creatures vanquished

Notes
Turn   | Place    | Note
-------+----------+-------------------------------------------
     0 | D:1      | garrulousMonolith the Minotaur Hunter began the quest for
                  | the Orb.
     0 | D:1      | Reached XP level 1. HP: 18/18 MP: 0/0
   221 | D:1      | Found a faded altar of an unknown god.
   227 | D:1      | Reached skill level 1 in Stealth
   570 | D:2      | Reached XP level 2. HP: 25/25 MP: 1/1
   591 | D:2      | Found Eddideg's Antique Weapon Emporium.
   634 | D:2      | Reached XP level 3. HP: 31/31 MP: 2/2
  1123 | D:3      | Found Oskip's Magic Scroll Shop.
  1132 | D:3      | Bought a scroll of identify for 24 gold pieces
  1132 | D:3      | Bought a scroll of teleportation for 36 gold pieces
  1273 | D:3      | Noticed Ijyb
  1285 | D:3      | Reached XP level 4. HP: 30/38 MP: 3/3
  1306 | D:3      | Killed from afar by an orc priest

Illustrated notes

Levels and vault maps discovered:
D:1:      lightli_arrival_maybe_door_vault, layout_rooms,
          hellmonk_ecumenical_altar_arch_garden
D:2:      layout_rooms, serial_bayou, serial_bayou_pond_d, serial_bayou_pond_c,
          serial_bayou_pond_a, serial_bayou_pond_e, serial_bayou_pond_c,
          serial_bayou_shore_a, serial_shops, nicolae_shop_advertising_works
          [nicolae_subvault_shop_adworks], minmay_pentomino_pile
D:3:      layout_basic, serial_shops, shop, minmay_misc_feat_ornament,
          dk_noncrumbling_3, palyth_stone_intersect, kennysheep_generic_room_13,
          uniq_ijyb

Skill      XL: |  1  2  3 |
---------------+----------+-----
Stealth        | 1 |  1.9
Fighting       | 3 |  3.4
Dodging        | 3 |  3.1
Ranged Weapons | |  4.9

Action                   |  1- 3 |  4- 6 || total
-------------------------+-------+-------++-------
Melee: Hand axe          |     4 |    10 ||    14
       Headbutt          |       |     2 ||     2
 Fire: Sling             |    68 |       ||    68
  Use: Potion            |       |     5 ||     5
       Scroll            |       |     1 ||     1
Armor: Leather armour    |     8 |       ||     8
       Chain mail        |    48 |     8 ||    56
       Skin              |       |    14 ||    14
Dodge: Dodged            |    37 |     8 ||    45

Table legend: (Time is in decaauts)
 A = Elapsed time spent in this place.
 B = Non-inter-level travel time spent in this place.
 C = Inter-level travel time spent in this place.
 D = Time resting spent in this place.
 E = Time spent auto-exploring this place.
 F = Levels seen in this place.
 G = Mean time per level.
                   A        B        C        D        E       F      G
               +--------+--------+--------+--------+--------+-----+--------+
         Total |   1415 |   1365 |     50 |      3 |   1022 |   3 |  471.7 |
       Dungeon |   1415 |   1365 |     50 |      3 |   1022 |   3 |  471.7 |
               +--------+--------+--------+--------+--------+-----+--------+

Top non-repeatable levels by time:
     D:2: 692 daAuts
     D:1: 513 daAuts
     D:3: 209 daAuts
